 Dungeon Crawl Stone Soup version 0.32-a0-913-g739538afd8 (webtiles) character file.

Game seed: 12533104769946064866

21 MainBain the Conjurer (level 2, 0/19 HPs)
             Began as a Human Conjurer on Apr 8, 2024.
             Slain by a ball python (2 damage)
             ... on level 2 of the Dungeon.
             The game lasted 00:04:13 (547 turns).

MainBain the Conjurer (Human Conjurer)               Turns: 547, Time: 00:04:14

Health: 0/19       AC:  2    Str:  7    XL:     2   Next: 87%
Magic:  5/5        EV: 11    Int: 18    God:
Gold:   16         SH:  5    Dex: 11    Spells: 4/5 levels left

rFire   . . .        d - +0 short sword
rCold   . . .        (no shield)
rNeg    . . .        a - +0 robe
rPois   .            (no helmet)
rElec   .            (no cloak)
rCorr   +            (no gloves)
SInv    .            (no boots)
Will    .....        i - amulet of reflection
Stlth   ++           f - ring of resist corrosion
HPRegen 0.23/turn    (no ring)
MPRegen 0.09/turn

%: reflection
@: no status effects
A: explore regen
a: no special abilities


You were on level 2 of the Dungeon.
You visited 1 branch of the dungeon, and saw 2 of its levels.

You collected 16 gold pieces.

Inventory:

Hand Weapons
 d - a +0 short sword (weapon)
Armour
 a - a +0 robe (worn)
Jewellery
 f - a ring of resist corrosion (left hand)
 i - an amulet of reflection (around neck)
Scrolls
 c - a scroll of fear {unknown}
 e - a scroll of teleportation {unknown}
 j - a scroll of enchant armour {unknown}
Potions
 b - a potion of magic
 g - 2 potions of might {unknown}
 h - 2 potions of attraction {unknown}


   Skills:
 + Level 2.1 Dodging
 + Level 2.2 Stealth
 * Level 2.4 Spellcasting
 * Level 4.2 Conjurations


You had 4 spell levels left.
You knew the following spells:

 Your Spells              Type           Power      Damage    Failure   Level
a - Magic Dart            Conj           68%        1d6       3%          1

Your spell library contained the following spells:

 Spells                   Type           Power      Damage    Failure   Level
 Searing Ray              Conj           34%        2d5       4%          2
 Fulminant Prism          Conj/Alch      4%         3d5       56%         4
 Iskenderun's Mystic Bla Conj/Tloc 9%             2d4        (+2d1     56%         4


Dungeon Overview and Level Annotations

Branches:
Dungeon (2/15)

Altars:


Innate Abilities, Weirdness & Mutations

You regain HP and MP as you explore.


Message History

The ball python bites you. The ball python closely misses you.
You climb downwards.
Magic restored.
The hobgoblin shouts!
Found 5 stones.
There is a stone staircase leading up here.
A ball python comes into view.
The ball python bites you. The ball python grabs you.
The ball python constricts you. The jackal bites you.
You escape the ball python's grasp.
The ball python hisses angrily.
You block the ball python's attack. The ball python closely misses you.
You block the jackal's attack.
The ball python bites you but does no damage.
You block the ball python's attack.
There is a shaft here.
Found a stone staircase leading down.
The ball python falls through a shaft!
The shaft crumbles and collapses.
You block the jackal's attack. The ball python bites you.
The ball python barely misses you. The jackal barely misses you.
You block the ball python's attack. The ball python grabs you.
The ball python constricts you. The jackal bites you.
You can't go down here!
The ball python's grasp on you weakens, but your attempt to escape fails.
The ball python bites you. The ball python constricts you.
* * * LOW HITPOINT WARNING * * *
The jackal bites you.
* * * LOW HITPOINT WARNING * * *
The ball python bites you but does no damage.
The ball python constricts you.
* * * LOW HITPOINT WARNING * * *
Unknown command.
Unknown command.
Unknown command.
Unknown command.
Unknown command.
Unknown command.
You escape the ball python's grasp.
The jackal completely misses you. You block the jackal's attack.
Found an escape hatch in the floor.
The ball python bites you.
You die...

. ....#......# #.
#........#
##.#######........#
#...........<.....#
............######
##.......##
#....h....#
...#...gS....#
#.....@.....#
###.........#
#.........#
#.........#
#.........#
#.........#
#...>.....#
#..>......#


You could see a jackal, a hobgoblin and a ball python.

Vanquished Creatures
  A dart slug (D:1)
  2 endoplasms (D:1)
  2 goblins (D:1)
  2 jackals (D:1)
  A kobold (D:1)
  A quokka (D:1)
  3 ball pythons (D:1)
  A bat (D:1)
  6 rats (D:1)
19 creatures vanquished.

Notes
Turn   | Place    | Note
-------+----------+-------------------------------------------
     0 | D:1      | MainBain the Human Conjurer began the quest for the Orb.
     0 | D:1      | Reached XP level 1. HP: 13/13 MP: 3/3
   134 | D:1      | Reached XP level 2. HP: 19/19 MP: 1/5
   547 | D:2      | Slain by a ball python

Illustrated notes

Levels and vault maps discovered:
D:1:      onia_arrival_handbag, layout_rooms, serial_forest,
          infiniplex_forest_clump_tiny, infiniplex_forest_clump_tiny,
          infiniplex_forest_clump_curved, infiniplex_forest_lined_room_2,
          infiniplex_forest_corner_2, infiniplex_forest_zigzag_1,
          minmay_close_crescents
D:2:      layout_rooms, uniq_natasha

Action                     || total
---------------------------++-------
  Melee: Short sword       ||    11
   Cast: Magic Dart        ||    28
 Armour: Robe              ||    31
  Dodge: Dodged            ||    21
  Block: Other             ||    11

Table legend: (Time is in decaauts)
 A = Elapsed time spent in this place.
 B = Non-inter-level travel time spent in this place.
 C = Inter-level travel time spent in this place.
 D = Time resting spent in this place.
 E = Time spent auto-exploring this place.
 F = Levels seen in this place.
 G = Mean time per level.
                   A        B        C        D        E       F      G
               +--------+--------+--------+--------+--------+-----+--------+
         Total |    545 |    545 |      0 |     63 |    289 |   2 |  272.5 |
       Dungeon |    545 |    545 |      0 |     63 |    289 |   2 |  272.5 |
               +--------+--------+--------+--------+--------+-----+--------+

Top non-repeatable levels by time:
     D:1: 536 daAuts
     D:2: 9 daAuts
